 Dungeon Crawl Stone Soup version 0.27.1-34-g3ba077fa99 (webtiles) character file.

Game seed: 12503323188090773983

39600 Destapler the Dancer (level 13, 0/103 HPs)
             Began as a Demonspawn Gladiator on Jan 4, 2022.
             Was a Follower of Uskayaw.
             Succumbed to Rupert's poison
             ... on level 1 of the Orcish Mines.
             The game lasted 01:18:19 (19006 turns).

Destapler the Dancer (Demonspawn Gladiator)        Turns: 19006, Time: 01:18:19

Health: 0/103      AC: 21    Str: 15    XL:     13   Next: 70%
Magic:  22/22      EV: 11    Int: 12    God:    Uskayaw [*.....]
Gold:   841        SH:  7    Dex: 19    Spells: 12/12 levels left

rFire    . . .     SeeInvis +   a - +12 long sword of Saltpetre {protect, Stlth+}
rCold    + + .     Faith    +   w - +0 buckler
rNeg     . . .     Spirit   .   H - +1 gold dragon scales
rPois    +         Reflect  .   (helmet unavailable)
rElec    .         Harm     .   N - +0 cloak
rCorr    .         Rampage  .   (no gloves)
Will     .....                  O - +0 pair of boots
Stlth    ..........             k - amulet of faith
HPRegen  0.27/turn              J - ring "Ziruam" {rF- rC+ EV+4 Int+2}
MPRegen  0.36/turn              j - +4 ring of evasion

@: lethally poisoned (0 -> -28)
A: antennae 3, claws 1, hooves 2, ignite blood 2, magic regeneration
a: Renounce Religion, Stomp


You were on level 1 of the Orcish Mines.
You worshipped Uskayaw.
Uskayaw was pleased with you.
You visited 3 branches of the dungeon, and saw 17 of its levels.
You also visited: Sewer and Bailey.

You collected 3332 gold pieces.
You spent 2491 gold pieces at shops.

Inventory:

Hand Weapons
 a - the +12 long sword of Saltpetre (weapon) {protect, Stlth+}
   (You found it on level 4 of the Dungeon)

   It grants its wielder temporary protection when it strikes (+7 to AC).
   Stlth:     It makes you more stealthy.
 b - a +4 dagger of draining
Missiles
 d - 102 poisoned darts (quivered)
 m - 5 silver boomerangs
 n - 8 throwing nets
 y - 2 curare-tipped darts
 D - 27 boomerangs
Armour
 w - a +0 buckler (worn)
 H - +1 gold dragon scales (worn)
 N - a +0 cloak (worn)
 O - a +0 pair of boots (worn)
Jewellery
 j - a +4 ring of evasion (right claw)
 k - an amulet of faith (around neck)
 C - a ring of flight
 J - the ring "Ziruam" (left claw) {rF- rC+ EV+4 Int+2}
   (You took it off an orc priest on level 7 of the Dungeon)

   [ring of evasion]

   EV:        It affects your evasion (+4).
   Int:       It affects your intelligence (+2).
   rF:        It makes you vulnerable to fire.
   rC:        It protects you from cold.
 M - a ring of protection from fire
Wands
 o - a wand of charming (8)
 K - a wand of polymorph (8)
 R - a wand of paralysis (12)
Scrolls
 h - 3 scrolls of identify
 l - a scroll of fog
 r - 6 scrolls of teleportation
 s - 2 scrolls of amnesia {unknown}
 u - 2 scrolls of blinking
 x - a scroll of enchant armour
 A - a scroll of magic mapping
 E - a scroll of silence
 F - 3 scrolls of holy word {unknown}
 G - a scroll of enchant weapon
 P - a scroll of brand weapon
 Q - 3 scrolls of torment
Potions
 c - 2 potions of flight {unknown}
 e - 2 potions of curing
 f - 3 potions of berserk rage
 g - 2 potions of invisibility
 i - 5 potions of might
 p - 3 potions of magic
 q - 2 potions of haste
 t - 2 potions of mutation
 v - 3 potions of heal wounds {unknown}
 z - 6 potions of lignification
 B - 3 potions of attraction
 I - a potion of cancellation {unknown}
 L - a potion of brilliance {unknown}


   Skills:
 + Level 10.0 Fighting
 + Level 10.0 Long Blades
 - Level 5.0 Throwing
 + Level 10.0 Armour
 - Level 5.0 Dodging
 + Level 3.3 Stealth
 + Level 9.0 Shields
 + Level 12.0 Invocations
 + Level 4.1 Evocations


You had 12 spell levels left.
You didn't know any spells.
Your spell library contained the following spells:

 Spells                   Type           Power      Damage    Failure   Level
 Apportation              Tloc           0%         N/A       100%        1
 Freeze                   Ice            0%         1d3       100%        1
 Magic Dart               Conj           0%         1d3       100%        1
 Corpse Rot               Necr/Air       N/A        N/A       100%        2
 Poisonous Vapours        Pois/Air       0%         N/A       100%        2
 Searing Ray              Conj           0%         3d3       100%        2
 Conjure Flame            Conj/Fire      0%         6-21      100%        3
 Frozen Ramparts          Ice            0%         1d2       100%        3
 Ignite Poison            Fire/Tmut/Pois 0%         N/A       100%        3
 Stone Arrow              Conj/Erth      0%         3d7       100%        3
 Airstrike                Air            0%         N/A       100%        4
 Animate Armour           Summ/Erth      0%         N/A       100%        4
 Animate Dead             Necr           0%         N/A       100%        4
 Dispel Undead            Necr           0%         3d6       100%        4
 Fulminant Prism          Conj/Hex       0%         3d6       100%        4
 Hailstorm                Conj/Ice       0%         3d3       100%        4
 Ice Form                 Ice/Tmut       0%         N/A       100%        4
 Olgreb's Toxic Radiance  Pois           0%         N/A       100%        4
 Sticky Flame             Conj/Fire      0%         2d3       100%        4
 Summon Lightning Spire   Summ/Air       0%         N/A       100%        4
 Alistair's Intoxication  Tmut/Pois      0%         N/A       100%        5
 Blade Hands              Tmut           0%         N/A       100%        5
 Borgnjor's Vile Clutch   Necr/Erth      0%         N/A       100%        5
 Freezing Cloud           Conj/Ice/Air   0%         6-21      100%        5
 Lightning Bolt           Conj/Air       0%         1d11      100%        5
 Death Channel            Necr           0%         N/A       100%        6
 Invisibility             Hex            0%         N/A       100%        6
 Iron Shot                Conj/Erth      0%         9d1       100%        6
 Simulacrum               Ice/Necr       0%         N/A       100%        6
 Ozocubu's Refrigeration  Ice            0%         4d5       100%        7
 Ignition                 Fire           0%         3d3       100%        8
 Lehudib's Crystal Spear  Conj/Erth      0%         10d2      100%        8


Dungeon Overview and Level Annotations

Branches:
Dungeon (12/15)            Temple (0/1) D:5            Lair (3/6) D:8
  Snake (0/4) Lair:2          Orc (2/2) D:11            Elf (0/3) Orc:2
  Sewer (visited)          Bailey (visited)
  Swamp: Lair:2-4    Shoals: Lair:2-4

Altars:
Hepliaklqana
Okawaru
Trog
Uskayaw

Shops:
D:1 (   D:3 [   D:6 [!*[   D:11 (::!   Orc:2 ??

Annotations:
Orc:1 Rupert


Innate Abilities, Weirdness & Mutations

You have a pair of large antennae on your head. (SInv)
You have sharp fingernails.
You have hoof-like feet.
Your demonic aura often causes spilled blood to erupt in flames.
You regenerate magic rapidly.


Message History

Rupert is lightly wounded.
Rupert is no longer moving slowly.
Throw: 103 darts (poison)
Press: ? - help, Q - select action, (/) - cycle Shift-Dir - straight line, f/p - Rupert
Aim: Rupert, wielding a +2 battleaxe of venom and wearing a +2 ring mail of fire resistance (lightly wounded, slightly transparent, extremely poisoned, 69% to hit)
You throw a poisoned dart. The poisoned dart hits Rupert!
Rupert looks as sick as possible!
Rupert is lightly wounded.
Rupert roars wildly at you.
You are confused.
Unknown command.
Non-targeted confused throw: 102 darts (poison)
Press: ? - help, Q - select action, (/) - cycle Dir - look around, f - activate
Okay, then.
There is a stone staircase leading up, spattered with blood here.
Rupert is nearby!
Rupert roars madly and goes into a rage!
Rupert goes berserk!
You feel less confused.
Rupert hits you with a +2 battleaxe of venom!
You climb upwards.
There is a stone staircase leading down, spattered with blood here.
You block Rupert's attack. You block Rupert's attack.
You block Rupert's attack. You block Rupert's attack.
You block Rupert's attack.
Rupert hits you with a +2 battleaxe of venom!!
Rupert hits you with a +2 battleaxe of venom!!
You hear a shout!
Your gold dragon scales prevents you from hitting Rupert.
Rupert is lightly wounded.
Rupert is engulfed in blazing flames.
Rupert hits you with a +2 battleaxe of venom!!
* * * LOW HITPOINT WARNING * * *
You are lethally poisoned!
Rupert is engulfed in blazing flames.
Rupert hits you with a +2 battleaxe of venom!
* * * LOW HITPOINT WARNING * * *
You die...

##...##.........##.)>[......
###..##......)...#..........
##.#.........#.[[.......#....
#......................#.#...
##.......##......[.).........
##.....#.##....[............
##.#...................#....#
#...........................#
##..........@#....[[.........
##...........#☼☼...)..........
#.......^....@.○)<>.[[).......
##.....#.#......[[[))[..)......
#.....####..#...[..........#...
##....# #.......)..............
###.## ##.#................#..
### ##...#................
##...##...........#.#


There were no monsters in sight!

Vanquished Creatures
  An orc warlord (D:11)
  Josephine (D:10)
  2 boulder beetles
  2 hydras
  The ghost of waddelsworth the Destroyer, a journeyman GnCj of Sif Muna (D:8)
  2 two-headed ogres
  An orc high priest (Orc:2)
  An ugly thing (D:12)
  An orc sorcerer (Orc:2)
  3 black mambas (Lair:1)
  Maurice (D:9)
  Joseph (D:7)
  7 cane toads
  Maggie (Lair:1)
  Psyche (D:9)
  A gargoyle (D:11)
  2 kobold demonologists
  8 komodo dragons
  A polar bear (Lair:2)
  7 trolls
  2 hornets
  5 blink frogs (Lair:2)
  7 wyverns
  4 wraiths
  43 yaks
  3 steam dragons
  A basilisk (Lair:1)
  5 vampire mosquitoes
  Menkaure (D:7)
  A warg (D:11)
  An acid dragon (D:11)
  2 nagas (Lair:2)
  12 water moccasins
  21 orc warriors
  An ice beast (D:5)
  A sky beast (D:5)
  7 black bears
  9 ogres
  6 wolves (Lair:2)
  3 centaurs
  3 phantoms
  A spectral wyvern (D:8)
  11 kobold brigands
  4 bullfrogs
  9 gnoll sergeants
  A wyvern zombie (D:6)
  3 scorpions
  A water moccasin zombie (D:7)
  A wyvern skeleton (D:8)
  A water moccasin skeleton (D:6)
  19 killer bees
  10 wights
  2 howler monkeys (D:7)
  4 bullfrog zombies
  6 centaur zombies
  7 gnoll shamans
  5 hounds
  6 jellies
  A bullfrog skeleton (D:7)
  A centaur skeleton (D:7)
  14 orc priests
  2 iguanas
  16 orc wizards
  2 howler monkey zombies (D:6)
  11 adders
  22 gnolls
  A river rat (D:3)
  A white imp (D:6)
  2 worms (D:2)
  A dart slug (D:1)
  58 orcs
  8 bats
  17 endoplasms
  5 giant cockroaches
  9 goblins
  7 hobgoblins
  62 kobolds
  4 quokkas
  14 ball pythons
  4 frilled lizards
  7 rats
543 creatures vanquished.

Vanquished Creatures (others)
  36 fungi
  40 plants
  7 toadstools (D:4)
83 creatures vanquished.

Grand Total: 626 creatures vanquished

Notes
Turn   | Place    | Note
-------+----------+-------------------------------------------
     0 | D:1      | Destapler the Demonspawn Gladiator began the quest for the
                  | Orb.
     0 | D:1      | Reached XP level 1. HP: 16/16 MP: 1/1
   281 | D:1      | Gained mutation: You have sharp fingernails. [demonic
                  | ancestry]
   281 | D:1      | Reached XP level 2. HP: 22/22 MP: 2/2
   539 | D:1      | Gained mutation: You have a pair of small antennae on your
                  | head. [demonic ancestry]
   539 | D:1      | Reached XP level 3. HP: 12/28 MP: 3/3
   929 | D:1      | Found Sechi's Antique Weapon Shop.
   997 | D:2      | Reached skill level 1 in Armour
   997 | D:2      | Reached skill level 1 in Stealth
  2007 | D:2      | Reached XP level 4. HP: 34/34 MP: 4/4
  2377 | D:3      | Noticed a kobold brigand
  2386 | D:3      | Killed a kobold brigand
  2387 | D:3      | Gained mutation: You have large cloven feet. [demonic
                  | ancestry]
  2387 | D:3      | Reached XP level 5. HP: 41/41 MP: 5/5
  2421 | D:3      | Found a glowing drain.
  2432 | Sewer    | Entered a sewer
  2877 | Sewer    | Gained mutation: You have hoof-like feet. [demonic
                  | ancestry]
  2877 | Sewer    | Reached XP level 6. HP: 11/47 MP: 6/6
  3766 | D:3      | Found Qirech's Antique Armour Shop.
  4270 | D:3      | Bought a buckler for 99 gold pieces
  4375 | D:4      | Found a hazy altar of Hepliaklqana.
  4530 | D:4      | Reached skill level 1 in Shields
  4530 | D:4      | Reached skill level 1 in Evocations
  4530 | D:4      | Gained mutation: You have a pair of antennae on your head.
                  | [demonic ancestry]
  4530 | D:4      | Reached XP level 7. HP: 47/54 MP: 7/7
  4586 | D:4      | Found a hide-covered altar of Uskayaw.
  4622 | D:4      | Identified the +12 long sword of Saltpetre {protect,
                  | Stlth+}
  5161 | D:5      | Entered Level 5 of the Dungeon
  5277 | D:4      | Became a worshipper of Uskayaw the Reveller
  5282 | D:4      | Reached * piety under Uskayaw
  5413 | D:5      | Gained mutation: You have a pair of large antennae on your
                  | head. (SInv) [demonic ancestry]
  5413 | D:5      | Reached XP level 8. HP: 58/60 MP: 8/8
  5414 | D:5      | Reached ** piety under Uskayaw
  5527 | D:5      | Reached skill level 5 in Long Blades
  5530 | D:5      | Reached *** piety under Uskayaw
  5532 | D:5      | Reached **** piety under Uskayaw
  5730 | D:5      | Found a staircase to the Ecumenical Temple.
  5983 | D:6      | Found Lugeadd's Antique Armour Emporium.
  5998 | D:6      | Bought an ancient leather armour for 168 gold pieces
  5998 | D:6      | Identified the +1 leather armour of Zuad {rC+ SInv Stlth-}
                  | (You bought it in a shop on level 6 of the Dungeon)
  6071 | D:6      | Reached skill level 1 in Invocations
  6117 | D:6      | Reached skill level 2 in Invocations
  6221 | D:6      | Gained mutation: Your demonic aura sometimes causes spilled
                  | blood to erupt in flames. [demonic ancestry]
  6221 | D:6      | Reached XP level 9. HP: 60/66 MP: 9/11
  6379 | D:6      | Found Acvytuif's Distillery.
  6395 | D:6      | Identified a scroll of acquirement
  6395 | D:6      | Acquired 780 gold pieces
  6403 | D:6      | Found Hohizxop's Antique Armour Shoppe.
  6437 | D:6      | Bought a warped leather armour for 126 gold pieces
  6437 | D:6      | Identified the +1 leather armour of the Foremost Emperors
                  | {Regen+} (You bought it in a shop on level 6 of the
                  | Dungeon)
  6502 | D:6      | Reached skill level 3 in Invocations
  6509 | D:6      | Reached skill level 5 in Fighting
  6569 | D:6      | Found an iron altar of Okawaru.
  6570 | D:6      | Found a bloodstained altar of Trog.
  6589 | D:6      | Found Oqaemeon's Assorted Antiques.
  6637 | D:6      | Reached skill level 4 in Invocations
  7004 | D:7      | Reached skill level 5 in Invocations
  7079 | D:7      | Reached ***** piety under Uskayaw
  7083 | D:7      | Reached skill level 6 in Invocations
  7249 | D:7      | Noticed Joseph
  7306 | D:7      | Killed Joseph
  7307 | D:7      | Reached skill level 5 in Armour
  7459 | D:7      | Reached XP level 10. HP: 42/76 MP: 10/14
  7470 | D:7      | Noticed Menkaure
  7473 | D:7      | Killed Menkaure
  7641 | D:7      | Identified the ring "Ziruam" {rF- rC+ EV+4 Int+2}
  8223 | D:8      | Found a staircase to the Lair.
  8244 | D:8      | Reached skill level 7 in Invocations
  8362 | D:8      | Found a runed translucent gate.
  8362 | D:8      | Found a runed translucent gate.
  8362 | D:8      | Found a runed translucent gate.
  8896 | D:6      | Bought a cloak for 81 gold pieces
  8945 | D:6      | Bought a pair of boots for 108 gold pieces
  9304 | D:8      | Noticed waddelsworth's ghost (journeyman GnCj)
  9335 | D:8      | Killed waddelsworth's ghost
  9336 | D:8      | Reached skill level 5 in Shields
  9390 | D:9      | Noticed Psyche
  9399 | D:9      | Killed Psyche
  9441 | D:9      | Gained mutation: Your demonic aura often causes spilled
                  | blood to erupt in flames. [demonic ancestry]
  9441 | D:9      | Reached XP level 11. HP: 57/82 MP: 16/16
  9447 | D:9      | Found a flagged portal.
  9498 | Bailey   | Entered a bailey
  9754 | Bailey   | Reached skill level 8 in Invocations
  9836 | Bailey   | Identified the +2 leather armour "Laom" {SInv}
 10128 | D:6      | Bought a scroll labelled XAHUCZ CAXOFA for 23 gold pieces
 10128 | D:6      | Bought a scroll of identify for 46 gold pieces
 10128 | D:6      | Bought gold dragon scales for 1840 gold pieces
 10221 | Lair:1   | Entered Level 1 of the Lair of Beasts
 10229 | Lair:1   | Noticed Maggie
 10246 | Lair:1   | Killed Maggie
 10252 | Lair:1   | Reached skill level 5 in Dodging
 10506 | Lair:1   | Noticed a six-headed hydra
 10654 | D:9      | Noticed Maurice
 10671 | D:9      | Killed Maurice
 11276 | D:9      | Reached skill level 9 in Invocations
 11609 | D:10     | Entered Level 10 of the Dungeon
 11672 | D:10     | Reached skill level 5 in Throwing
 12025 | D:10     | Noticed Josephine
 12032 | D:10     | Killed Josephine
 12033 | D:10     | Reached XP level 12. HP: 57/93 MP: 15/19
 12039 | D:10     | Reached ****** piety under Uskayaw
 12452 | D:10     | Reached skill level 10 in Invocations
 12580 | D:11     | Found a staircase to the Orcish Mines.
 12588 | D:11     | Found Ycseteyph's Book Emporium.
 12842 | D:11     | Noticed a two-headed ogre
 12843 | D:11     | Noticed a boulder beetle
 12851 | D:11     | Killed a two-headed ogre
 12877 | D:11     | Killed a boulder beetle
 13311 | D:11     | Found Lonna's Book Shop.
 13335 | D:11     | Found Vika Boi's Distillery.
 13454 | D:11     | Found Huargh's Antique Weapon Shoppe.
 13599 | D:12     | Noticed a two-headed ogre
 13605 | D:12     | Killed a two-headed ogre
 13815 | D:12     | Noticed a six-headed hydra
 13861 | D:12     | Killed a six-headed hydra
 13969 | Lair:1   | Killed a six-headed hydra
 14173 | Lair:1   | Reached skill level 11 in Invocations
 14820 | Lair:1   | Gained mutation: You regenerate magic rapidly. [demonic
                  | ancestry]
 14820 | Lair:1   | Reached XP level 13. HP: 35/101 MP: 14/21
 15627 | Lair:2   | Found a staircase to the Snake Pit.
 16624 | Orc:1    | Entered Level 1 of the Orcish Mines
 16624 | Orc:1    | Noticed an orc warlord
 16632 | D:11     | Reached skill level 10 in Fighting
 16645 | D:11     | Killed an orc warlord
 16646 | D:11     | Reached skill level 12 in Invocations
 17484 | Orc:2    | Entered Level 2 of the Orcish Mines
 17580 | Orc:2    | Reached skill level 10 in Long Blades
 17718 | Orc:2    | Found Ennakkixt's Magic Scroll Emporium.
 17740 | Orc:2    | Found Sywapyoch's Magic Scroll Shoppe.
 18096 | Orc:2    | Reached skill level 10 in Armour
 18450 | Orc:2    | Found a staircase to the Elven Halls.
 18620 | Orc:2    | Noticed Rupert
 18973 | Orc:2    | Paralysed by Rupert for 2 turns
 19006 | Orc:1    | Succumbed to Rupert's poison

Illustrated notes

Levels and vault maps discovered:
D:1:      tarquinn_simple_flora_water_d, layout_rooms, serial_shops,
          nicolae_shop_statue_plus, serial_park_tiny_2, serial_bayou_pond_e
D:2:      layout_loops_ring, serial_glass, glass_columns_c, glass_columns_a
D:3:      cheibrodos_thug_alley, layout_loops_ring, portal_sewer_entry_b,
          serial_shops, shop_fountains
D:4:      cheibrodos_fertilizer, layout_rooms, nicolae_uskayaw_dance_hall,
          nicolae_hepliaklqana_hazy_memory
D:5:      layout_rooms, minmay_temple_entry_proselytizer,
          kennysheep_generic_room_4
D:6:      kennysheep_steamy, layout_gridville, grunt_temple_overflow_bloody_war,
          serial_shops, nicolae_shop_statue_plus, kennysheep_mini, shop,
          nicolae_shop_overgrown_old_shop, kennysheep_generic_room_7
D:7:      layout_cave_pods, uniq_joseph, uniq_menkaure
D:8:      layout_basic, due_lair_maze_entry_diamond, gammafunk_ghost_necromancy,
          chequers_serial_rivers_small_a, minmay_curled_crystal
D:9:      layout_long_grid, enter_bailey_5, kennysheep_diamond, uniq_psyche,
          uniq_maurice
D:10:     layout_cave_pools, kennysheep_small_square, uniq_josephine
D:11:     layout_rooms, orc_0_dummy, serial_shops, shop, kennysheep_little_box,
          kennysheep_mini_moat, nicolae_diamond_shop, lemuel_nasty_fountain
D:12:     layout_loops_corners, uniq_azrael
Lair:1:   layout_regular_city, uniq_maggie
Lair:2:   layout_roguey, guppyfry_snake_entry_garden, grunt_megastairs_1,
          serial_bayou_shore_a, lemuel_fruit_tree
Lair:3:   layout_hall_layers, serial_bayou_lagoon_b, infiniplex_staircase_pool_2
Orc:1:    layout_caves
Orc:2:    pf_orc_diabolical, layout_caves, uniq_rupert

Skill      XL: |  1  2  3  4  5  6  7  8  9 10 11 12 13 |
---------------+----------------------------------------+-----
Throwing       | 2 3 5 |  5.0
Armour         | 1 2 3 6 8 9 10 | 10.0
Stealth        | 1 2 3 |  3.3
Long Blades    | 3 6 7 8 9 10 | 10.0
Dodging        | 3 4 5 |  5.0
Fighting       | 3 4 6 7 8 9 10 | 10.0
Shields        | 1 3 4 5 6 7 9 |  9.0
Evocations     | 1 2 3 4 |  4.1
Invocations    | 2 6 7 9 11 12 | 12.0

Action                   |  1- 3 |  4- 6 |  7- 9 | 10-12 | 13-15 || total
-------------------------+-------+-------+-------+-------+-------++-------
Melee: Long sword        |    92 |   158 |   160 |   374 |   265 ||  1049
       Kick              |       |    43 |    53 |    13 |       ||   109
       Dagger            |       |       |       |    14 |       ||    14
Throw: Throwing net      |     1 |     2 |       |       |       ||     3
       Dart              |       |    22 |    37 |    67 |    32 ||   158
       Boomerang         |       |       |    25 |    49 |       ||    74
Invok: Stomp             |       |       |     1 |     6 |     2 ||     9
       Line Pass         |       |       |     4 |    15 |     9 ||    28
       Grand Finale      |       |       |       |     1 |       ||     1
Evoke: Wand              |       |       |       |    12 |    33 ||    45
  Use: Scroll            |       |     1 |     7 |    14 |       ||    22
       Potion            |       |       |       |     2 |     4 ||     6
 Stab: Sleeping          |     3 |     2 |     9 |     6 |       ||    20
       Held in net/web   |       |     1 |       |       |       ||     1
       Paralysed         |       |       |     3 |    29 |    25 ||    57
       Confused          |       |       |     3 |     3 |     4 ||    10
       Invisible         |       |       |       |       |     1 ||     1
Armor: Leather armour    |    23 |    26 |    51 |    32 |       ||   132
       Gold dragon scale |       |       |       |   178 |   121 ||   299
Dodge: Dodged            |    61 |   164 |   135 |   265 |   121 ||   746
Block: Buckler           |       |     5 |    39 |   144 |    94 ||   282
       Rpst.: Long sword |    21 |    47 |    34 |    62 |    32 ||   196
